General information
- name: BNet
- type: Ladder team game (AT/RT)
- host: Battle.net
- saver: Mata.
map: SilverpineForest
- players: 6
- length: 05:13
- speed: Fast
- version: 1.21 W3XP
- replay type:

» download(29 KB)
Players
team 1 (winner)

»
iggy_the_fisk (
orange | 78 APM | 408 actions | 05:12)
1 Keeper of the Grove
1 Entangling Roots
» actions
| Assign group hotkey | 57 | |
| Build / train | 17 | |
| Enter build submenu | 4 | |
| Enter hero's abilities submenu | 1 | |
| Remove unit from queue | 1 | |
| Right click | 219 | |
| Select / deselect | 79 | |
| Select group hotkey | 12 | |
| Use ability | 18 | |
408 total
» units
» buildings
| Altar of Elders | 1 | |
| Moon Well | 2 | |
| Ancient of War | 1 | |
| Tree of Ages | 1 | |
5 total
» build order
00:08 Altar of Elders
00:20 Moon Well
01:01 Ancient of War
01:53 Moon Well
02:53 Tree of Ages
Mata. (
pink | 98 APM | 509 actions | 05:13)
1 Blademaster
1 Wind Walk
» actions
| Assign group hotkey | 105 | |
| Basic commands | 2 | |
| Build / train | 22 | |
| Enter build submenu | 6 | |
| Enter hero's abilities submenu | 1 | |
| Remove unit from queue | 3 | |
| Right click | 246 | |
| Select / deselect | 109 | |
| Select group hotkey | 3 | |
| Use ability | 12 | |
509 total
» units
» buildings
| Altar of Storms | 1 | |
| Orc Burrow | 3 | |
| Barracks | 1 | |
| Stronghold | 1 | |
6 total
» build order
00:04 Altar of Storms
00:20 Orc Burrow
01:08 Barracks
02:05 Orc Burrow
04:29 Orc Burrow
04:30 Stronghold

»
TIMG4STRok (
yellow | 63 APM | 329 actions | 05:12)
2 Death Knight
1 Death Coil
1 Unholy Aura
» actions
| Assign group hotkey | 8 | |
| Basic commands | 2 | |
| Build / train | 14 | |
| Enter build submenu | 7 | |
| Enter hero's abilities submenu | 3 | |
| Right click | 125 | |
| Select / deselect | 36 | |
| Select group hotkey | 124 | |
| Use ability | 10 | |
329 total
» units
| Acolyte | 2 | |
| Ghoul | 2 | |
| Crypt Fiend | 5 | |
9 total
» buildings
| Crypt | 1 | |
| Graveyard | 1 | |
| Ziggurat | 3 | |
| Altar of Darkness | 1 | |
| Tomb of Relics | 1 | |
| Nerubian Tower | 1 | |
| Halls of the Dead | 1 | |
9 total
» build order
00:07 Crypt
00:13 Graveyard
00:26 Ziggurat
00:28 Altar of Darkness
01:20 Ziggurat
01:45 Tomb of Relics
02:17 Nerubian Tower
03:40 Ziggurat
04:42 Halls of the Dead
team 2 (loser)
devnull (
teal | 45 APM | 213 actions | 04:43)
1 Blood Mage
1 Flame Strike
» actions
| Assign group hotkey | 2 | |
| Build / train | 21 | |
| Enter build submenu | 12 | |
| Enter hero's abilities submenu | 1 | |
| Right click | 86 | |
| Select / deselect | 60 | |
| Select group hotkey | 13 | |
| Use ability | 18 | |
213 total
» units
» buildings
| Altar of Kings | 1 | |
| Farm | 2 | |
| Lumber Mill | 1 | |
| Scout Tower | 12 | |
| Guard Tower | 7 | |
23 total
» build order
00:06 Altar of Kings
00:08 Farm
00:30 Lumber Mill
01:00 Farm
01:25 Scout Tower
01:33 Scout Tower
02:01 Scout Tower
02:02 Scout Tower
02:03 Scout Tower
02:08 Guard Tower
02:16 Scout Tower
02:35 Guard Tower
02:35 Guard Tower
02:38 Scout Tower
02:41 Scout Tower
02:42 Guard Tower
02:57 Scout Tower
03:25 Guard Tower
03:48 Guard Tower
04:13 Scout Tower
04:13 Scout Tower
04:35 Guard Tower
Rhenquist (
red | 37 APM | 177 actions | 04:45)
1 Blademaster
1 Wind Walk
» actions
| Build / train | 9 | |
| ESC pressed | 1 | |
| Enter build submenu | 16 | |
| Enter hero's abilities submenu | 1 | |
| Right click | 79 | |
| Select / deselect | 56 | |
| Use ability | 15 | |
177 total
» units
» buildings
| Altar of Storms | 1 | |
| Orc Burrow | 1 | |
| Barracks | 1 | |
| War Mill | 1 | |
| Watch Tower | 6 | |
10 total
» build order
00:07 Altar of Storms
00:13 Orc Burrow
00:38 Barracks
00:50 War Mill
02:30 Watch Tower
02:32 Watch Tower
02:36 Watch Tower
02:56 Watch Tower
04:01 Watch Tower
04:18 Watch Tower
VELOX_NEB (
purple | 40 APM | 207 actions | 05:11)
1 Warden
1 Shadow Strike
» actions
| Assign group hotkey | 2 | |
| Basic commands | 2 | |
| Build / train | 13 | |
| Enter build submenu | 3 | |
| Enter hero's abilities submenu | 1 | |
| Right click | 128 | |
| Select / deselect | 49 | |
| Use ability | 9 | |
207 total
» units
» buildings
| Altar of Elders | 1 | |
| Moon Well | 2 | |
| Tree of Ages | 1 | |
4 total
» build order
00:12 Altar of Elders
00:32 Moon Well
01:26 Moon Well
04:07 Tree of Ages
Chat log
(00:03 / All) Rhenquist: assholes
(00:07 / All) VELOX_NEB: bhahahaaaha
(00:08 / All) Mata.: i dont get
(00:09 / All) TIMG4STRok: u may quit.
(00:11 / All) Mata.: why we had to search so long
(00:11 / All) devnull: FAGGOTS
(00:14 / Allies) TIMG4STRok: 100g
(00:16 / All) devnull: im finex btw!!
(00:17 / All) Mata.: manner up. thanx
(00:21 / All) devnull: sry
(00:22 / All) TIMG4STRok: dont know who that is
(00:28 / All) Mata.: ? who?
(00:32 / Allies) TIMG4STRok: aw sweet got 200g
(00:40 / Allies) iggy_the_fisk: build a lot
(00:44 / Allies) TIMG4STRok: i yam
(00:54 / Allies) Mata.: we basically serious then
(00:58 / Allies) TIMG4STRok: yeah i guesse
(01:01 / Allies) Mata.: scout out their gimmick, they don't tower the way we do
(01:16 / Allies) Mata.: they do oldschool shit like invisimort and batmaster
(01:24 / Allies) Mata.: or maybe they serious this game too
(01:41 / All) Mata.: seriously is that weird to anyone else we both searched for like 10 min
(01:51 / All) Mata.: before bnet is like FINE we give u a game
(01:51 / All) devnull: i serarched for like 2 seconds
(01:53 / All) VELOX_NEB: we were off and on
(01:57 / All) Mata.: oh well then whatever
(02:24 / Allies) iggy_the_fisk: hell yeah
(02:29 / Allies) iggy_the_fisk: ¨bandalar
(02:30 / Allies) Mata.: eat tree
(02:31 / Allies) iggy_the_fisk: in a predicament
(02:39 / Allies) TIMG4STRok: he did that in a 2s
(02:44 / Allies) TIMG4STRok: except iunstead of uprooting he tps
(02:49 / Allies) Mata.: cripes, this
(02:51 / Allies) iggy_the_fisk: treee was other side of the map
(03:01 / Allies) TIMG4STRok: got warden by me
(03:08 / All) iggy_the_fisk: hi
(03:50 / Allies) TIMG4STRok: coming to elf
(04:23 / Allies) Mata.: share timg
(04:46 / All) Mata.: word?
(04:47 / All) VELOX_NEB: ouch
(04:49 / All) Mata.: :T
(04:50 / All) VELOX_NEB: rage quit
(04:53 / All) Mata.: heh
(05:00 / All) Mata.: well gg i guess
(05:00 / All) TIMG4STRok: goondolences....
(05:07 / All) VELOX_NEB: i'll quit peacefully
(05:09 / All) VELOX_NEB: peace
(05:11 / All) TIMG4STRok: piece